 Dungeon Crawl Stone Soup version 0.29.1-2-gbd0b4ee654 (webtiles) character file.

Game seed: 2633386131922681631

62 RascalDebosk the Magician (level 4, -3/33 HPs)
             Began as a Djinni Fire Elementalist on Oct 24, 2022.
             Slain by a hobgoblin (4 damage)
             ... on level 3 of the Dungeon.
             The game lasted 00:14:59 (2687 turns).

RascalDebosk the Magician (DjFE)                    Turns: 2687, Time: 00:15:00

Health: -3/33      AC:  2    Str:  7    XL:     4   Next: 28%
Gold:   101        EV: 12    Int: 19    God:
                   SH:  0    Dex: 13

rFire   + + .      SeeInvis .   j - +0 long sword
rCold   x . .      Faith    .   (no shield)
rNeg    . . .      Spirit   .   a - +0 robe
rPois   ∞          Reflect  .   (no helmet)
rElec   .          Harm     .   (no cloak)
rCorr   .          Rampage  .   (no gloves)
Will    .....                   (boots unavailable)
Stlth   ++........              (no amulet)
HPRegen 0.11/turn               (no ring)
MPRegen 0.00/turn               (no ring)

@: flying
A: sickness immunity, fire resistance 2, cold vulnerability 1, float, innate
caster, HP casting, extra vitality 1
a: no special abilities


You were on level 3 of the Dungeon.
You visited 1 branch of the dungeon, and saw 3 of its levels.

You collected 101 gold pieces.

Inventory:

Hand Weapons
 j - a +0 long sword (weapon)
Armour
 a - a +0 robe (worn)
Magical Staves
 m - a staff of air
Scrolls
 c - 2 scrolls of identify {unknown}
 d - 2 scrolls of enchant armour {unknown}
 g - 3 scrolls of butterflies {unknown}
 h - a scroll of teleportation {unknown}
 i - 2 scrolls of amnesia {unknown}
 l - a scroll of fear {unknown}
Potions
 b - 2 potions of attraction {unknown}
 e - 3 potions of heal wounds {unknown}
 f - a potion of invisibility {unknown}
 k - a potion of ambrosia {unknown}


   Skills:
 + Level 1.8 Fighting
 - Level 2.1 Dodging
 - Level 1.5 Stealth
 * Level 3.4 Spellcasting


You couldn't memorise any spells.
You knew the following spells:

 Your Spells              Type           Power      Damage    Failure   Level
a - Foxfire               Conj/Fire      64%        2x1d7     3%          1
b - Scorch                Fire           32%        2d7       5%          2
c - Conjure Flame         Conj/Fire      16%        6-21      11%         3
d - Inner Flame           Hex/Fire       16%        N/A       11%         3
e - Flame Wave            Conj/Fire      16%        2d7       34%         4
f - Apportation           Tloc           32%        N/A       3%          1
Your spell library was empty.

Dungeon Overview and Level Annotations

Branches:
Dungeon (3/15)

Altars:


Innate Abilities, Weirdness & Mutations

You are immune to sickness and miasma.
You are immune to poison.
Your flesh is very heat resistant. (rF++)
You are vulnerable to cold. (rC-)
You float through the air rather than walking.
You learn spells naturally, not from books.
Your magical power is your life essence.
You have superior vitality. (+4 MHP)


Message History

The spell is quite dangerous to miscast (11% risk of failure)!
Continue anyway?
Aiming: Inner Flame (quite dangerous; 11% risk of failure)
Press: ? - help, Dir - move target, f - rat, p - rat
Aim: a rat (chance to affect: 83%)
The rat is filled with an inner flame.
Casting: Inner Flame (quite dangerous; 11% risk of failure)
Confirm with . or Enter, or press ? or * to list all spells.
Flames lash the rat.
The rat explodes!
You hear an angry hiss.
A ball python comes into view.
Casting: Scorch (safe; 5% risk of failure)
Confirm with . or Enter, or press ? or * to list all spells.
Flames lash the ball python.
You kill the ball python!
Casting: Scorch (safe; 5% risk of failure)
Confirm with . or Enter, or press ? or * to list all spells.
Flames lash the rat.
The rat explodes!
You start resting.
HP restored.
You see here a ball python corpse.
Found a stone staircase leading down.
You see here an amulet of magic regeneration.
m - a staff of air
i - 2 scrolls labelled FUFUIW NAOBB (gained 1)
A ball python comes into view.
Casting: Scorch (safe; 5% risk of failure)
Confirm with . or Enter, or press ? or * to list all spells.
The spell is quite dangerous to miscast (11% risk of failure)!
Continue anyway?
Aiming: Inner Flame (quite dangerous; 11% risk of failure)
Press: ? - help, Dir - move target, f - ball python
Aim: a ball python (asleep, chance to affect: 84%)
The ball python hisses angrily.
The ball python barely resists.
Casting: Inner Flame (quite dangerous; 11% risk of failure)
Confirm with . or Enter, or press ? or * to list all spells.
Flames lash the ball python.
You kill the ball python!
A hobgoblin comes into view.
Casting: Scorch (safe; 5% risk of failure)
Confirm with . or Enter, or press ? or * to list all spells.
The spell is quite dangerous to miscast (11% risk of failure)!
Continue anyway?
Aiming: Inner Flame (quite dangerous; 11% risk of failure)
Press: ? - help, Dir - move target, f - hobgoblin
Aim: a hobgoblin, wearing a +0 scale mail (wandering, hasn't noticed you, chance to affect: 84%)
The hobgoblin shouts!
The hobgoblin is filled with an inner flame.
Casting: Foxfire (safe; 3% risk of failure)
Press: ? - help, Q - select action, (/) - cycle Dir - look around, f - activate You conjure some foxfire!
The foxfire hits the hobgoblin but does no damage.
Casting: Foxfire (safe; 3% risk of failure)
Confirm with . or Enter, or press ? or * to list all spells.
Flames lash the hobgoblin but do no damage.
You hear a shout!
A hobgoblin comes into view.
Found a fizzy orange potion.
The foxfire hits the hobgoblin but does no damage.
The hobgoblin barely misses you.
An endoplasm comes into view.
Casting: Scorch (safe; 5% risk of failure)
Confirm with . or Enter, or press ? or * to list all spells.
The spell is quite dangerous to miscast (11% risk of failure)!
Continue anyway?
The fire begins to smoulder!
The hobgoblin hits you.
The hobgoblin smothers the flame.
The hobgoblin closely misses you. The hobgoblin closely misses you.
You closely miss the hobgoblin. The hobgoblin closely misses you.
The hobgoblin misses you.
You closely miss the hobgoblin. The hobgoblin barely misses you.
The hobgoblin closely misses you.
You closely miss the hobgoblin. The hobgoblin completely misses you.
The hobgoblin misses you. The hobgoblin completely misses you.
The hobgoblin barely misses you.
You hit the hobgoblin.
The hobgoblin is lightly wounded.
The hobgoblin hits you.
* * * LOW HITPOINT WARNING * * *
The hobgoblin barely misses you.
Casting: Conjure Flame (quite dangerous; 11% risk of failure)
Confirm with . or Enter, or press ? or * to list all spells.
Flames lash the hobgoblin.
* * * LOW HITPOINT WARNING * * *
The hobgoblin explodes!
The fiery explosion engulfs you! You resist.
* * * LOW HITPOINT WARNING * * *
The hobgoblin hits you.
* * * LOW HITPOINT WARNING * * *
Casting: Scorch (safe; 5% risk of failure)
Confirm with . or Enter, or press ? or * to list all spells.
Flames lash the endoplasm.
The endoplasm is almost dead.
The endoplasm's fire resistance burns away.
* * * LOW HITPOINT WARNING * * *
The hobgoblin closely misses you.
You closely miss the hobgoblin.
The hobgoblin is lightly wounded.
The hobgoblin hits you.
You die...

. # ## .#.
.J..# #.#.#
#.#.## ...J.
#.#g# #.#@#
#.#§## # #.§§§#
#.##.###.##
#####.#.##
#.###### #
........#
#....".# .#
........##
##.####.# .#
#####.##.###.##
#.# #..#
#.......##
#.#####..#


You could see an endoplasm (combustible) and a hobgoblin.

Vanquished Creatures
  An adder (D:2)
  4 dart slugs
  8 bats
  3 endoplasms
  A giant cockroach (D:1)
  4 goblins
  3 hobgoblins
  4 quokkas (D:1)
  2 ball pythons (D:3)
  3 frilled lizards
  3 kobolds (D:1)
  7 rats
43 creatures vanquished.

Vanquished Creatures (others)
  87 foxfires
87 creatures vanquished.

Grand Total: 130 creatures vanquished

Notes
Turn   | Place    | Note
-------+----------+-------------------------------------------
     0 | D:1      | RascalDebosk the Djinni Fire Elementalist began the quest
                  | for the Orb.
     0 | D:1      | RascalDebosk set off with the following spells memorised:
                  | Foxfire, Scorch, Conjure Flame, Inner Flame, Flame Wave.
     0 | D:1      | Reached XP level 1. HP: 15/15 MP: 0/0
   346 | D:1      | Reached XP level 2. HP: 16/22 MP: 0/0
   520 | D:1      | Reached skill level 1 in Fighting
   521 | D:1      | Found a faded altar of an unknown god.
   676 | D:1      | Reached XP level 3. HP: 19/27 MP: 0/0
   676 | D:1      | Learned a level 1 spell: Apportation
   688 | D:1      | Reached skill level 3 in Spellcasting
  2012 | D:2      | Reached XP level 4. HP: 25/33 MP: 0/0
  2687 | D:3      | Slain by a hobgoblin

Illustrated notes

Levels and vault maps discovered:
D:1:      sevenhm_arrival_forest_fort_large_3, layout_rooms,
          chequers_ecumenical_altar_simple_redux
D:2:      layout_basic
D:3:      layout_loops_ring, serial_shops, nicolae_shop_waterfront,
          minmay_snake_closets

Skill      XL: |  1  2  3 |
---------------+----------+-----
Fighting       | 1 |  1.8
Spellcasting   | 3 |  3.4
Dodging        | |  2.1
Stealth        | |  1.5

Action                   |  1- 3 |  4- 6 || total
-------------------------+-------+-------++-------
Melee: Long sword        |       |     5 ||     5
 Cast: Foxfire           |    52 |     4 ||    56
       Scorch            |    11 |     7 ||    18
       Inner Flame       |     1 |     6 ||     7
       Conjure Flame     |     1 |     2 ||     3
       Apportation       |       |     1 ||     1
Armor: Robe              |     2 |       ||     2
Dodge: Dodged            |     5 |    13 ||    18
